 Dungeon Crawl Stone Soup version 0.30.1-4-g462c640d31 (webtiles) character file.

Game seed: 6623418819865061046

1529089 LordWeiramon the Slayer (level 27, 179/179 HPs)
             Began as a Kobold Wanderer on Sept 17, 2023.
             Was a High Priest of Ashenzari.
             Escaped with the Orb
             ... and 3 runes on Sept 18, 2023!
             The game lasted 10:52:21 (80550 turns).

LordWeiramon the Slayer (Kobold Wanderer)          Turns: 80550, Time: 10:52:21

Health: 179/179    AC: 24    Str: 13    XL:     27
Magic:  39/39      EV: 44    Int: 13    God:    Ashenzari [*****.]
Gold:   2869       SH: 23    Dex: 28    Spells: 40/50 levels left

rFire   + . .        a - +9 rapier of Toth-Mos's Legacy {elec, Fort, Cun} (curse)
rCold   + . .        T - +5 kite shield "Omniscient Discomfort" {AC+3, Elem, Fort} (curse)
rNeg    . . .        V - +2 leather armour "Augurer of Ashenzari" {rF+, Melee, Bglg} (curse)
rPois   +            m - +1 helmet of Supernal Understanding {Elem, Bglg} (curse)
rElec   .            s - +2 cloak of Ashenzari's Pleiades {Range, Cun} (curse)
rCorr   .            Q - +2 pair of gloves "Shackled Trepidation" {Str+3, Self, Cun} (curse)
SInv    +            h - +2 pair of boots "Circumscribed Idealism" {rampage, Alch, Fort} (curse)
Will    ++...        y - amulet of the Perceptive Loss {Regen+, Evo, Fort} (curse)
Stlth   ++++         R - ring of protection from cold
HPRegen 1.29/turn    A - ring "At What Cost Knowledge?" {rPois, Melee, Fort} (curse)
MPRegen 0.26/turn

%: clarity, rampage
@: studying Throwing
A: small, no large weapons, nightstalker 3, frail 1
0: Orb of Zot
}: 3/15 runes: decaying, silver, gossamer
a: Renounce Religion, Curse Item, Shatter the Chains


You escaped.
You worshipped Ashenzari.
Ashenzari was extremely pleased with you.
You visited 10 branches of the dungeon, and saw 48 of its levels.
You also visited: Trove, Ossuary and Wizlab.

You collected 10089 gold pieces.
You spent 7220 gold pieces at shops.

Inventory:

Hand Weapons
 a - the cursed +9 rapier of Toth-Mos's Legacy (weapon) {elec, Fort, Cun}
   (You took it off Nikola on level 3 of the Spider Nest)

   It has a curse which improves the following skills: Fortitude: Armour and
   Shields.
   Cunning:   Dodging and Stealth.
Missiles
 d - 4 curare-tipped darts
 M - 42 poisoned darts
 N - a throwing net (quivered)
Armour
 h - the cursed +2 pair of boots "Circumscribed Idealism" (worn) {rampage, Alch, Fort}
   (You found it on level 3 of the Elven Halls)

   It has a curse which improves the following skills: Alchemy: Poison Magic and
   Transmutations.
   Fortitude: Armour and Shields.
 m - the cursed +1 helmet of Supernal Understanding (worn) {Elem, Bglg}
   (You found it on level 4 of the Dungeon)

   It has a curse which improves the following skills: Elements: Fire Magic, Ice
   Magic, Air Magic and Earth Magic.
   Beguiling: Conjurations, Hexes and Translocations.
 s - the cursed +2 cloak of Ashenzari's Pleiades (worn) {Range, Cun}
   (You took it off a draconian annihilator on level 1 of the Realm of Zot)

   It has a curse which improves the following skills: Ranged Combat: Ranged
   Weapons and Throwing.
   Cunning:   Dodging and Stealth.
 x - +0 fire dragon scales
 Q - the cursed +2 pair of gloves "Shackled Trepidation" (worn) {Str+3, Self, Cun}
   (You found it on level 2 of the Vaults)

   It has a curse which improves the following skills: Introspection: Fighting
   and Spellcasting.
   Cunning:   Dodging and Stealth.
 T - the cursed +5 kite shield "Omniscient Discomfort" (worn) {AC+3, Elem, Fort}
   (You took it off a vault guard on level 5 of the Vaults)

   It has a curse which improves the following skills: Elements: Fire Magic, Ice
   Magic, Air Magic and Earth Magic.
   Fortitude: Armour and Shields.
 V - the cursed +2 leather armour "Augurer of Ashenzari" (worn) {rF+, Melee, Bglg}
   (You took it off Frances on level 14 of the Dungeon)

   It has a curse which improves the following skills: Melee Combat: Short
   Blades, Long Blades, Axes, Maces & Flails, Polearms, Staves and Unarmed
   Combat.
   Beguiling: Conjurations, Hexes and Translocations.
Jewellery
 b - a ring of protection from fire
 y - the cursed amulet of the Perceptive Loss (around neck) {Regen+, Evo, Fort}
   (You found it on level 5 of the Dungeon)

   [amulet of regeneration]

   Regen:     It increases your rate of health regeneration.
   It has a curse which improves the following skills: Evocations: Evocations.
   Fortitude: Armour and Shields.
 A - the cursed ring "At What Cost Knowledge?" (right hand) {rPois, Melee, Fort}
   (You found it on level 4 of the Dungeon)

   [ring of poison resistance]

   rPois:     It protects you from poison.
   It has a curse which improves the following skills: Melee Combat: Short
   Blades, Long Blades, Axes, Maces & Flails, Polearms, Staves and Unarmed
   Combat.
   Fortitude: Armour and Shields.
 P - the ring "Xinlijam" {rElec Int+7 Dex-3 Slay+4}
   (You found it in a treasure trove)

   [ring of slaying]

   Int:       It affects your intelligence (+7).
   Dex:       It affects your dexterity (-3).
   Slay:      It affects your accuracy & damage with ranged weapons and melee
   (+4).
   rElec:     It insulates you from electricity.
 R - a ring of protection from cold (left hand)
 U - a ring of flight
 W - the ring "Zicem" {rN+ Will+ Int+3}
   (You found it in a treasure trove)

   [ring of positive energy]

   Int:       It affects your intelligence (+3).
   rN:        It protects you from negative energy.
   Will:      It increases your willpower.
 Z - the ring "Giptyamn" {rCorr Str+6 Int+3}
   (You found it in a treasure trove)

   [ring of strength]

   Str:       It affects your strength (+6).
   Int:       It affects your intelligence (+3).
   rCorr:     It protects you from acid and corrosion.
Wands
 g - a wand of quicksilver (33)
 k - a wand of paralysis (15)
 p - a wand of mindburst (35)
 r - a wand of roots (44)
 u - a wand of polymorph (15)
 w - a wand of digging (21)
 J - a wand of flame (120)
Scrolls
 e - 8 scrolls of blinking
 f - 7 scrolls of poison
 C - 9 scrolls of enchant armour
 D - 11 scrolls of fog
 H - 5 scrolls of amnesia
 K - 2 scrolls of magic mapping
 L - 20 scrolls of teleportation
 O - 12 scrolls of fear
 X - 2 scrolls of brand weapon
Potions
 c - 2 potions of berserk rage
 i - 14 potions of ambrosia
 j - 4 potions of attraction
 l - 8 potions of mutation
 n - 4 potions of might
 q - 8 potions of flight
 t - 7 potions of heal wounds
 v - 23 potions of curing
 z - 3 potions of magic
 E - 7 potions of brilliance
 F - 3 potions of haste
 G - 4 potions of cancellation
 I - 2 potions of invisibility
 S - 9 potions of resistance
Miscellaneous
 o - a box of beasts
 B - a tin of tremorstones (2/2)
 Y - a lightning rod (4/4)


   Skills:
 - Level 25.5(27) Fighting
 - Level 24.3(27) Short Blades
 - Level 4.5(7.5) Maces & Flails
 - Level 7.5(9.7) Throwing
 - Level 11.3(17.1) Armour
 - Level 25.4(27) Dodging
 + Level 21.5(25.3) Stealth
 - Level 14.0(19.8) Shields
 - Level 10.3(12.4) Spellcasting
 - Level 10.3(13.4) Hexes
 - Level 10.3(13.4) Air Magic
 - Level 7.0(9.2) Evocations


You had 40 spell levels left.
You knew the following spells:

 Your Spells              Type           Power      Damage    Failure   Level
a - Swiftness             Air            43%        N/A       1%          3
c - Ensorcelled Hibernat  Hex/Ice        52%        N/A       1%          2
s - Silence               Hex/Air        21%        N/A       1%          5

Your spell library contained the following spells:

 Spells                   Type           Power      Damage    Failure   Level
 Slow                     Hex            100%       N/A       1%          1
 Poisonous Vapours        Pois/Air       50%        N/A       1%          2
 Static Discharge         Conj/Air       52%        2-5/arc   1%          2
 Confusing Touch          Hex            43%        N/A       1%          3
 Cause Fear               Hex            21%        N/A       1%          4
 Dazzling Flash           Conj/Hex       52%        N/A       2%          3
 Inner Flame              Hex/Fire       26%        N/A       2%          3
 Summon Guardian Golem    Hex/Summ       25%        N/A       2%          3
 Mephitic Cloud           Conj/Pois/Air  20%        N/A       6%          3
 Anguish                  Hex/Necr       12%        N/A       9%          4
 Fulminant Prism          Conj/Hex       13%        3d8       9%          4
 Summon Lightning Spire   Summ/Air       25%        N/A       9%          4
 Freeze                   Ice            36%        1d5       12%         1
 Magic Dart               Conj           36%        1d4       12%         1
 Sandblast                Erth           18%        2d7       12%         1
 Sting                    Tmut/Pois      32%        1d4       13%         1
 Kiss of Death            Conj/Necr      32%        2d7       14%         1
 Necrotise                Necr           32%        1d5       14%         1
 Summon Small Mammal      Summ           32%        N/A       14%         1
 Blink                    Tloc           18%        N/A       19%         2
 Lesser Beckoning         Tloc           18%        N/A       19%         2
 Momentum Strike          Conj/Tloc      18%        3d8       19%         2
 Passwall                 Tmut/Erth      6%         N/A       19%         2
 Call Imp                 Summ           16%        N/A       22%         2
 Sublimation of Blood     Necr           8%         N/A       22%         2
 Metabolic Englaciation   Hex/Ice        13%        N/A       24%         5
 Yara's Violent Unravell  Hex/Tmut       12%        3d7       24%         5
 Summon Mana Viper        Hex/Summ       25%        N/A       26%         5
 Frozen Ramparts          Ice            18%        1d3       36%         3
 Hailstorm                Conj/Ice       9%         3d4       36%         3
 Ignite Poison            Fire/Tmut/Pois 8%         N/A       36%         3
 Ozocubu's Armour         Ice            9%         N/A       36%         3
 Stone Arrow              Conj/Erth      18%        3d8       36%         3
 Volatile Blastmotes      Fire/Tloc      18%        2d11      36%         3
 Call Canine Familiar     Summ           8%         N/A       41%         3
 Vampiric Draining        Necr           8%         2d6       41%         3
 Enfeeble                 Hex            21%        N/A       45%         7
 Freezing Cloud           Conj/Ice/Air   10%        6-21      50%         5
 Flame Wave               Conj/Fire      9%         2d6       77%         4
 Ice Form                 Ice/Tmut       8%         N/A       77%         4
 Iskenderun's Mystic Bla  Conj/Tloc      9%         2d4       77%         4
 Manifold Assault         Tloc           9%         N/A       77%         4
 Passage of Golubria      Tloc           9%         N/A       77%         4
 Petrify                  Tmut/Erth      8%         N/A       77%         4
 Sticky Flame             Conj/Fire      9%         2d3       77%         4
 Conjure Ball Lightning   Conj/Air       13%        3x3d6     78%         6
 Animate Armour           Summ/Erth      16%        N/A       80%         4
 Summon Ice Beast         Ice/Summ       8%         N/A       80%         4
 Animate Dead             Necr           8%         N/A       82%         4
 Dispel Undead            Necr           8%         3d8       82%         4
 Alistair's Intoxication  Tmut/Pois      5%         N/A       98%         5
 Blade Hands              Tmut           4%         N/A       98%         5
 Borgnjor's Vile Clutch   Necr/Erth      4%         N/A       98%         5
 Fireball                 Conj/Fire      4%         3d4       98%         5
 Irradiate                Conj/Tmut      4%         3d13      98%         5
 Iskenderun's Battlesphe  Conj           9%         2d6       98%         5
 Lee's Rapid Deconstruct  Erth           4%         3d5*      98%         5
 Summon Forest            Summ/Tloc      4%         N/A       98%         5
 Discord                  Hex            21%        N/A       98%         8
 Maxwell's Capacitive Co  Air            21%        ∞         98%         8
 Agony                    Necr           8%         N/A       99%         5
 Dispersal                Tloc           4%         N/A       100%        6
 Eringya's Noxious Bog    Tmut/Pois      4%         N/A       100%        6
 Iron Shot                Conj/Erth      4%         9d2       100%        6
 Simulacrum               Ice/Necr       4%         N/A       100%        6
 Starburst                Conj/Fire      4%         6d4       100%        6
 Statue Form              Tmut/Erth      5%         N/A       100%        6
 Summon Cactus Giant      Summ           4%         N/A       100%        6
 Dragon Form              Tmut           4%         N/A       100%        7
 Haunt                    Necr/Summ      4%         N/A       100%        7
 Orb of Destruction       Conj           4%         9d5       100%        7
 Ozocubu's Refrigeration  Ice            4%         4d8       100%        7
 Spellforged Servitor     Conj/Summ      4%         N/A       100%        7
 Storm Form               Tmut/Air       12%        N/A       100%        7
 Summon Hydra             Summ           4%         N/A       100%        7
 Disjunction              Tloc           4%         N/A       100%        8
 Ignition                 Fire           4%         3d4       100%        8
 Infestation              Necr           4%         N/A       100%        8
 Lehudib's Crystal Spear  Conj/Erth      4%         10d3      100%        8
 Polar Vortex             Ice            4%         N/A       100%        9


Dungeon Overview and Level Annotations

Branches:
Dungeon (15/15)            Temple (1/1) D:6            Lair (5/5) D:9
  Swamp (4/4) Lair:2       Spider (4/4) Lair:3        Slime (0/5) Lair:5
    Orc (2/2) D:9             Elf (3/3) Orc:2        Vaults (5/5) D:13
  Crypt (0/3) Vaults:3     Depths (4/4) D:15            Zot (5/5) Depths:4
Ossuary (visited)          WizLab (visited)

Altars:
Ashenzari
Cheibriados
Dithmenos
Elyvilon
Fedhas
Gozag
Hepliaklqana
Kikubaaqudgha
Makhleb
Nemelex Xobeh
Okawaru
Qazlal
Ru
Sif Muna
Trog
Uskayaw
Vehumet
Wu Jian
Xom
Yredelemnul
Zin
The Shining One
Jiyva

Shops:
D:3 [   D:6 (   D:10 :   Orc:1 (   Orc:2 [(:?!   Elf:1 =   Elf:3 (?**
Vaults:1 ?   Vaults:4 ?([   Depths:4 :

Portals:
Hell: Depths:1 Depths:2 Depths:3 Depths:4
Abyss: Depths:1 Depths:3
Pandemonium: Depths:2
Ziggurat: Depths:2


Innate Abilities, Weirdness & Mutations

You are small and have problems with some larger weapons.
You are completely attuned to the shadows.
You are frail. (-10% HP)


Message History

You see here a +0 short sword.
There is a stone staircase leading up here.
You climb upwards.
There is a stone staircase leading down here.
There is an escape hatch in the ceiling here.
A mysterious force pulls you upwards. The hatch slams shut behind you.
Things that are here:
a +0 scale mail; a +0 hand axe
There is a stone staircase leading up here.
You see here a +0 robe.
You climb upwards.
There is a stone staircase leading down here.
There is a stone staircase leading up here.
You climb upwards.
There is a stone staircase leading down here.
You sense a monster nearby.
Press: ? - help, v - describe, . - travel The floor.
This square is covered in magical glow.
A lorocyproca comes into view.
There is a stone staircase leading up here.
You climb upwards.
There is a stone staircase leading down here.
There is a stone staircase leading up here.
You climb upwards.
There is a stone staircase leading down here.
Aiming: Dig
Press: ? - help, Shift-Dir - straight line A rock wall.
This square is covered in magical glow.
The rock shatters into small pieces.
Aiming: Dig
Press: ? - help, Shift-Dir - straight line A rock wall.
This square is covered in magical glow.
The rock shatters into small pieces.
There is an open door here.
There is an open door here.
There is a staircase leading out of the dungeon here.
You have escaped!

.#
#..⌠...........##.###..
.#
##...#.######..#####...
.# ####### #'## #... .#
##'# ###.. .# #######....
.# ###### ##....#..... .#
#....#
########..#.....### .#
#....# ##...##...###...##
# .####....##
#..@..##..####..## #
.##.'.....#
#.....###...##...###
.##.#.....#
##...####..####.....
.##.#.....# #..#####...#
##.... .#..#.....#
#..####..### ##..#
.#.##.....# ##...#...#
####... .#.##.....#
##....### #...##{
.#.######.# #####.#'####
##.#..#. .#.#
#.###...####'##.##..###..


There were no monsters in sight!

Vanquished Creatures
  A dread lich (Vaults:5)
  2 ancient liches (Zot:5)
  2 orbs of fire
  2 juggernauts (Depths:4)
  Bai Suzhen (Swamp:3)
  Parghit (Zot:3)
  The ghost of Urgle the Sensei, a veteran GnFi of Okawaru (Depths:4)
  3 Killer Klowns (Zot:5)
  A Head Instructor (WizLab)
  2 curse toes
  8 golden dragons
  Nikola (Spider:3)
  Arachne (Spider:3)
  A bone dragon (Depths:4)
  2 Tzitzimimeh
  3 electric golems
  Rupert (Lair:3)
  A walking crystal tome (Depths:3)
  15 tentacled monstrosities
  23 Orb Guardians
  Mlioglotl (Swamp:3)
  2 deep elf master archers (Elf:3)
  Asterion (Spider:3)
  3 titans (Vaults:5)
  7 quicksilver dragons
  3 deep elf blademasters
  A walking divine tome (Depths:2)
  The ghost of josefromcouch the Fencer, an adept DjGl of Cheibriados (Swamp:4)
  A lich (Depths:4)
  6 death cobs
  Agnes (Spider:2)
  11 shadow dragons
  Frances (D:14)
  9 sphinxes
  Kirke (D:14)
  16 storm dragons
  A thorn hunter (Swamp:3)
  Roxanne (Spider:4)
  9 tengu reavers
  Donald (Swamp:2)
  4 draconian monks
  3 draconian knights
  7 fire giants
  3 iron dragons
  6 ghost moths
  5 fenstrider witches
  Aizul (Swamp:2)
  8 frost giants
  2 emperor scorpions
  6 deep elf sorcerers
  The ghost of Pyropingo the Executioner, a journeyman MiBe of Trog (Swamp:1)
  3 orc warlords
  4 ghouls (Swamp:4)
  10 draconian scorchers
  20 vault wardens
  9 draconian shifters
  An angel (Depths:2)
  The ghost of hawkwood the Cruncher, a journeyman DgAr (Orc:2)
  6 deep elf elementalists
  7 draconian stormcallers
  A broodmother (Spider:2)
  8 draconian annihilators
  2 spriggan defenders (Depths:2)
  2 war gargoyles (Vaults:5)
  17 ironbound preservers
  23 very ugly things
  17 stone giants
  4 ironbound thunderhulks
  9 deep elf demonologists
  9 green draconians
  3 vampire knights
  10 deep elf annihilators
  2 dire elephants
  12 eleionomae
  7 spark wasps
  4 white draconians
  A lorocyproca (Depths:2)
  13 purple draconians
  8 yellow draconians
  5 black draconians
  5 red draconians
  5 deep elf death magi
  2 bunyips (Swamp:4)
  2 shambling mangroves
  12 fire dragons
  2 green deaths (Swamp:4)
  9 ettins
  The ghost of Rem the Martial Artist, a journeyman OpTm of the Shining One (Lair:3)
  7 entropy weavers
  6 great orbs of eyes
  2 deep elf high priests (Vaults:5)
  9 hydras
  16 yaktaur captains
  7 ice dragons
  3 rakshasas
  A salamander tyrant (D:12)
  31 vault guards
  3 peacekeepers
  11 spriggan air magi
  5 ogre magi
  7 ironbound frosthearts
  3 jorogumos
  2 ghost crabs
  15 centaur warriors
  A satyr (shapeshifter) (Vaults:5)
  14 two-headed ogres
  15 alligators
  The ghost of sheffield53 the Thaumaturge, a novice DrTm of Qazlal (D:9)
  4 tengu warriors
  A catoblepas (Lair:5)
  11 boulder beetles
  4 radroaches
  7 deep troll earth magi
  Urug (Lair:3)
  An orc high priest (Orc:2)
  29 dancing weapons
  A vampire mage (WizLab)
  A hell hog (Depths:1)
  13 death yaks
  5 deep troll shamans
  5 spriggan berserkers
  11 spriggans
  16 deep elf knights
  5 soul eaters
  9 hell knights
  6 iron trolls
  A sixfirhy (Depths:2)
  Lodul (D:13)
  A sun moth (Spider:2)
  4 goliath frogs
  A skyshark (Lair:5)
  5 pharaoh ants
  A sea snake (shapeshifter) (Depths:2)
  11 orb spiders
  67 deep trolls
  2 flayed ghosts
  7 spriggan druids
  4 swamp dragons
  23 wizards
  5 bog bodies
  10 lindwurms
  A steelbarb worm (shapeshifter) (D:13)
  3 glowing orange brains
  28 deep elf zephyrmancers
  4 phantasmal warriors (Vaults:5)
  8 necromancers
  20 ironbound convokers
  3 harpies (Vaults:1)
  20 wolf spiders
  4 steelbarb worms
  11 deep elf archers
  30 deep elf pyromancers
  8 orc knights
  5 manticores
  5 orc sorcerers
  2 oklob plants
  3 mana vipers (WizLab)
  4 cyclopes
  A manticore (shapeshifter) (Vaults:5)
  5 will-o-the-wisps
  27 moths of wrath
  8 elephants
  53 ugly things
  7 black mambas
  26 vault sentinels
  11 torpor snails
  2 naga magi (WizLab)
  8 demonic crawlers
  3 gargoyles
  3 orange demons
  5 cane toads
  3 smoke demons
  A hellion (Depths:1)
  2 unseen horrors
  2 cane toads (shapeshifter)
  5 rime drakes
  An efreet (D:14)
  7 tengu conjurers
  An unseen horror (shapeshifter) (D:13)
  2 kobold demonologists
  A freezing wraith (Vaults:5)
  10 komodo dragons
  51 yaktaurs
  An ice devil (Depths:2)
  A queen bee (Lair:4)
  6 trolls
  5 hellwings
  3 bloated husks
  15 tyrant leeches
  20 hornets
  A polar bear (Lair:2)
  10 blink frogs
  A hornet (shapeshifter) (Vaults:5)
  10 meliai
  26 tarantellas
  2 dream sheep (Lair:5)
  A blink frog (shapeshifter) (D:13)
  30 slime creatures
  Sigmund (D:2)
  4 air elementals
  An ettin skeleton (Vaults:4)
  18 culicivoras
  2 shadows
  A wraith (D:9)
  28 jumping spiders
  46 yaks
  A ynoxinul (Depths:2)
  3 basilisks
  5 fire bats
  3 vampires
  7 water elementals
  3 wyverns
  3 fire elementals (D:12)
  4 hogs (D:14)
  3 humans (D:13)
  57 redbacks
  2 steam dragons
  2 chaos spawn (Depths:2)
  8 vampire mosquitoes
  Menkaure (D:7)
  A human simulacrum (Vaults:4)
  2 neqoxecs (Swamp:4)
  2 wargs (Orc:1)
  An acid dragon (D:9)
  13 swamp worms
  10 water moccasins
  An ice beast (D:5)
  25 orc warriors
  A swamp drake (Swamp:3)
  A black bear (shapeshifter) (Vaults:5)
  6 black bears
  A sky beast (D:8)
  17 ogres
  4 boggarts (Vaults:3)
  5 wolves
  19 centaurs
  2 kobold brigands (D:10)
  8 bullfrogs
  A gnoll sergeant (D:9)
  An elf skeleton (D:5)
  An earth elemental (Elf:3)
  13 wights
  22 killer bees
  3 electric eels
  5 howler monkeys
  2 hounds
  2 human zombies
  25 orc priests
  4 jellies (Lair:5)
  3 human skeletons (D:5)
  Ijyb (D:3)
  3 iguanas
  Natasha (twice) (D:3)
  33 orc wizards
  5 hell rats (Lair:3)
  3 mummies (Ossuary)
  6 adders
  6 river rats (Lair:3)
  A white imp (D:6)
  An ufetubus (D:5)
  3 adder zombies (Ossuary)
  A worm (D:2)
  4 dart slugs
  67 orcs
  8 endoplasms
  5 giant cockroaches
  7 goblins
  6 hobgoblins
  9 jackals
  15 kobolds
  2 quokkas
  5 ball pythons
  8 bats
  6 frilled lizards
  3 goblin zombies (Ossuary)
  5 hobgoblin zombies (Ossuary)
  2 kobold zombies (Ossuary)
  An orc zombie (D:5)
  2 quokka zombies (Ossuary)
  11 rats
  3 rat zombies (Ossuary)
  A spectral orc (D:9)
2058 creatures vanquished.

Vanquished Creatures (collateral kills)
  A quicksilver dragon (Zot:1)
1 creature vanquished.

Vanquished Creatures (others)
  A rakshasa (D:13)
  A kobold demonologist (D:13)
  An unseen horror (D:13)
  2 bloated husks
  A jumping spider (Spider:4)
  A redback (Spider:2)
  A kobold brigand (D:13)
  2 orc wizards (Orc:2)
  2 kobolds (D:13)
  12 foxfires
24 creatures vanquished.

Grand Total: 2083 creatures vanquished

Notes
Turn   | Place    | Note
-------+----------+-------------------------------------------
     0 | D:1      | LordWeiramon the Kobold Wanderer began the quest for the
                  | Orb.
     0 | D:1      | LordWeiramon set off with the following items: a +1 flail,
                  | a +0 helmet, a potion of lignification, a +0 robe.
     0 | D:1      | Reached XP level 1. HP: 14/14 MP: 1/1
   340 | D:1      | Reached skill level 1 in Short Blades
   343 | D:1      | Reached XP level 2. HP: 16/19 MP: 2/2
   754 | D:1      | Reached XP level 3. HP: 22/23 MP: 3/3
  1717 | D:2      | Reached XP level 4. HP: 27/28 MP: 2/4
  2085 | D:2      | Noticed Sigmund
  2218 | D:2      | Found an ornate altar of the Wu Jian Council.
  2572 | D:3      | Noticed Ijyb
  2573 | D:3      | Noticed Natasha
  2585 | D:3      | Killed Ijyb
  2588 | D:3      | Killed Natasha
  2589 | D:3      | Reached skill level 5 in Fighting
  2589 | D:3      | Reached XP level 5. HP: 35/35 MP: 3/5
  3006 | D:3      | Found a shimmering altar of Xom.
  3377 | D:3      | Found a radiant altar of Vehumet.
  3472 | D:3      | Reached XP level 6. HP: 41/44 MP: 6/6
  3547 | D:3      | Found Pomyczue's Antique Armour Emporium.
  3587 | D:3      | Learned a level 2 spell: Ensorcelled Hibernation
  3687 | D:3      | Bought a pair of embroidered gloves for 135 gold pieces
  3734 | D:3      | Found a burning altar of Makhleb.
  3754 | D:3      | Identified the +1 plate armour "Xoicri" {*Slow rPois rF+
                  | Int+2}
  3917 | D:4      | Reached skill level 1 in Evocations
  4425 | D:5      | Entered Level 5 of the Dungeon
  4459 | D:5      | Reached skill level 5 in Short Blades
  4459 | D:5      | Reached XP level 7. HP: 41/48 MP: 4/7
  4473 | D:5      | Found a sand-covered staircase.
  4559 | Ossuary  | Entered an ossuary
  5089 | D:5      | Reached skill level 5 in Stealth
  5150 | D:5      | Reached XP level 8. HP: 53/53 MP: 8/8
  5766 | D:3      | Reached skill level 5 in Evocations
  5891 | D:6      | Found Quraonir's Antique Weapon Emporium.
  5897 | D:6      | Bought a rapier for 80 gold pieces
  6117 | D:6      | Found a sparkling altar of Nemelex Xobeh.
  6118 | D:6      | Found a white marble altar of Elyvilon.
  6118 | D:6      | Found a shimmering blue altar of Sif Muna.
  6119 | D:6      | Found an opulent altar of Gozag.
  6279 | D:6      | Found a staircase to the Ecumenical Temple.
  6286 | Temple   | Entered the Ecumenical Temple
  6452 | D:6      | Found a faded altar of an unknown god.
  6609 | D:7      | Reached skill level 5 in Dodging
  6772 | D:7      | Reached XP level 9. HP: 46/57 MP: 9/9
  6830 | D:7      | Noticed Menkaure
  7742 | D:8      | Reached skill level 10 in Short Blades
  7833 | D:8      | You fall into a shaft and drop 1 floor!
  7911 | D:9      | Found a bloodstained altar of Trog.
  7989 | D:9      | Noticed sheffield53's ghost (novice DrTm)
  8253 | D:2      | Killed Sigmund
  9210 | D:9      | Reached XP level 10. HP: 57/67 MP: 10/10
  9284 | D:9      | Found a staircase to the Orcish Mines.
  9300 | D:9      | Reached skill level 10 in Fighting
  9307 | D:9      | Identified the +3 leather armour of Junkodgh {rPois Str+3
                  | Dex-4}
  9353 | D:9      | Noticed an elephant
  9400 | D:9      | Killed an elephant
  9412 | D:9      | Found a staircase to the Lair.
  9493 | D:9      | Found a basalt altar of Yredelemnul.
  9669 | D:9      | Found a transporter.
  9669 | D:9      | Found a transporter.
  9680 | D:9      | Noticed an oklob plant
  9817 | D:9      | Noticed a kobold demonologist
  9878 | D:9      | Found a broken altar of Ashenzari.
  9883 | D:9      | Became a worshipper of Ashenzari the Shackled
  9941 | D:9      | Identified the +7 war axe "Kalikhits" {heavy, rF+ Str+3
                  | Int+6}
 10408 | D:3      | Bought a buckler for 81 gold pieces
 10539 | D:10     | Entered Level 10 of the Dungeon
 10560 | D:9      | Identified the +6 flail of Rotation {drain, Will- Int+2
                  | Dex+6}
 10590 | D:10     | Reached skill level 1 in Shields
 10763 | D:10     | Reached XP level 11. HP: 79/79 MP: 11/11
 11018 | D:10     | Reached skill level 5 in Shields
 11196 | D:10     | Found Kemn's Book Shoppe.
 11215 | D:10     | Found a stormy altar of Qazlal.
 11834 | D:11     | Noticed a boulder beetle
 11837 | D:11     | Killed a boulder beetle
 11884 | D:11     | Reached skill level 10 in Stealth
 12297 | D:11     | Noticed an orc knight
 12325 | D:11     | Noticed a manticore
 12327 | D:11     | Killed a manticore
 12405 | D:11     | Learned a level 5 spell: Silence
 12507 | D:11     | Reached skill level 1 in Armour
 12842 | D:7      | Killed Menkaure
 12931 | Lair:1   | Entered Level 1 of the Lair of Beasts
 13009 | Lair:1   | Reached XP level 12. HP: 78/84 MP: 12/12
 13044 | Lair:1   | Reached * piety under Ashenzari
 13121 | Lair:1   | Reached skill level 5 in Armour
 13234 | Lair:1   | Noticed a death yak
 13275 | Lair:1   | Noticed a boulder beetle
 13364 | Lair:1   | Killed a boulder beetle
 13463 | Lair:1   | Reached ** piety under Ashenzari
 13698 | Lair:2   | Reached skill level 1 in Spellcasting
 13698 | Lair:2   | Reached skill level 1 in Hexes
 13698 | Lair:2   | Reached skill level 1 in Air Magic
 13737 | Lair:2   | Noticed an eight-headed hydra
 14146 | D:3      | Bought a shimmering ring mail for 162 gold pieces
 14146 | D:3      | Identified the +2 ring mail of Muttered Phrases {Stlth+}
                  | (You bought it in a shop on level 3 of the Dungeon)
 14453 | Lair:2   | Reached *** piety under Ashenzari
 14487 | Lair:2   | Reached skill level 10 in Dodging
 15089 | Lair:3   | Reached **** piety under Ashenzari
 15374 | Lair:3   | Reached XP level 13. HP: 92/92 MP: 16/16
 15391 | Lair:3   | Noticed Urug
 15395 | Lair:3   | Killed Urug
 15397 | Lair:3   | Noticed Rupert
 15489 | Lair:3   | Found a hole to the Spider Nest.
 15637 | Lair:3   | Found a runed translucent door.
 15637 | Lair:3   | Found a shimmering altar of Xom.
 15637 | Lair:3   | Noticed Rem's ghost (journeyman OpTm)
 15639 | Lair:3   | Identified the +4 morningstar of Dorche Qyef {chaos, Drain
                  | rF+++ rC- SInv}
 15760 | Lair:3   | Noticed a five-headed hydra
 15764 | Lair:3   | Killed a five-headed hydra
 15930 | Lair:4   | Identified the +8 flail of Intuition {drain, Str+5}
 16874 | Lair:2   | Killed an eight-headed hydra
 16902 | Lair:2   | Found a staircase to the Swamp.
 17467 | Lair:5   | Entered Level 5 of the Lair of Beasts
 17672 | Lair:5   | Noticed an eight-headed hydra
 17676 | Lair:5   | Killed an eight-headed hydra
 17704 | Lair:5   | Reached skill level 15 in Dodging
 17704 | Lair:5   | Reached XP level 14. HP: 98/98 MP: 17/17
 18197 | Lair:5   | Found a viscous altar of Jiyva.
 18197 | Lair:5   | Found a staircase to the Slime Pits.
 18607 | Lair:5   | Found a runed translucent door.
 18846 | Lair:5   | Paralysed by a hornet for 1 turns
 19288 | Lair:5   | Noticed a dire elephant
 19638 | Lair:5   | Killed a dire elephant
 20453 | Lair:3   | Paralysed by Rupert for 3 turns
 20743 | D:9      | Paralysed by a hornet for 3 turns
 20822 | D:9      | Killed sheffield53's ghost
 20823 | D:9      | Reached XP level 15. HP: 75/103 MP: 18/18
 21479 | D:12     | Reached skill level 15 in Stealth
 21742 | D:12     | Reached ***** piety under Ashenzari
 22833 | D:13     | Found a transporter.
 22840 | D:13     | Found a transporter.
 22893 | D:13     | Found an ornate altar of the Wu Jian Council.
 22893 | D:13     | Found a transporter.
 22927 | D:13     | Found a transporter.
 22928 | D:13     | Noticed a vault warden
 23199 | D:13     | Found a gate to the Vaults.
 23199 | D:13     | Noticed Lodul
 23241 | D:13     | Killed Lodul
 23612 | D:13     | Found an ornate altar of the Wu Jian Council.
 23617 | D:13     | Killed a vault warden
 23842 | D:14     | Noticed Frances
 23846 | D:14     | Killed Frances
 24717 | D:15     | Entered Level 15 of the Dungeon
 24739 | D:15     | Identified a scroll of acquirement
 24775 | D:15     | Acquired a +2 vampiric quick blade
 24865 | D:15     | Reached XP level 16. HP: 108/108 MP: 23/23
 24890 | D:15     | Found a staircase to the Depths.
 25345 | D:15     | Found a broken altar of Ashenzari.
 26076 | Orc:1    | Entered Level 1 of the Orcish Mines
 26241 | Orc:2    | Entered Level 2 of the Orcish Mines
 26273 | Orc:1    | Reached skill level 5 in Spellcasting
 26273 | Orc:1    | Reached skill level 5 in Hexes
 26273 | Orc:1    | Reached skill level 5 in Air Magic
 26527 | Orc:1    | Found Kyusalap's Weapon Emporium.
 26577 | Orc:1    | Found a bloodstained altar of Trog.
 26674 | Orc:2    | Found a runed translucent door.
 26675 | Orc:2    | Found a shimmering altar of Xom.
 26675 | Orc:2    | Noticed hawkwood's ghost (journeyman DgAr)
 26990 | Orc:2    | Found Wutac's Distillery.
 26993 | Orc:2    | Bought 2 potions of mutation for 176 gold pieces
 26993 | Orc:2    | Bought a potion of haste for 110 gold pieces
 26993 | Orc:2    | Bought a potion of invisibility for 88 gold pieces
 26993 | Orc:2    | Bought a potion of invisibility for 88 gold pieces
 26993 | Orc:2    | Bought a potion of invisibility for 88 gold pieces
 26993 | Orc:2    | Bought a potion of resistance for 110 gold pieces
 27023 | Orc:2    | Found a staircase to the Elven Halls.
 27545 | Orc:2    | Found Zot Erim's Magic Scroll Emporium.
 27546 | Orc:2    | Found Julaug's Weapon Shoppe.
 27548 | Orc:2    | Found Itrymp's Armour Shoppe.
 27548 | Orc:2    | Found Lucs's Book Emporium.
 27551 | Orc:2    | Bought a scroll of blinking for 97 gold pieces
 27551 | Orc:2    | Bought a scroll of enchant armour for 97 gold pieces
 27551 | Orc:2    | Bought a scroll of blinking for 97 gold pieces
 27976 | D:14     | Noticed Kirke
 28007 | D:14     | Killed Kirke
 28244 | Spider:1 | Entered Level 1 of the Spider Nest
 29503 | Spider:2 | Acquired 722 gold pieces
 29699 | Spider:2 | Reached XP level 17. HP: 104/115 MP: 29/29
 30680 | Spider:3 | Noticed Asterion
 30683 | Spider:3 | Killed Asterion
 30853 | Spider:3 | Noticed Nikola
 30882 | Spider:3 | Killed Nikola
 30925 | Spider:3 | Noticed Agnes
 31028 | Spider:2 | Killed Agnes
 31259 | Spider:3 | Noticed Arachne
 31290 | Spider:3 | Killed Arachne
 31358 | Spider:3 | Identified the Meditations on Macabre Reconstruction
 31681 | Spider:4 | Entered Level 4 of the Spider Nest
 32496 | Spider:4 | Reached XP level 18. HP: 120/120 MP: 31/31
 32887 | Spider:4 | Identified Roxanne's Compendium of Geomancy
 32887 | Spider:4 | Noticed Roxanne
 33128 | Spider:4 | Reached skill level 10 in Shields
 33367 | Swamp:1  | Entered Level 1 of the Swamp
 33551 | Swamp:1  | Found a runed translucent door.
 33566 | Swamp:1  | Noticed Pyropingo's ghost (journeyman MiBe)
 34359 | Swamp:2  | Noticed Aizul
 34360 | Swamp:2  | Killed Aizul
 34794 | Swamp:2  | Noticed Donald
 34806 | Swamp:2  | Killed Donald
 35268 | Swamp:3  | Noticed Mlioglotl
 35271 | Swamp:3  | Killed Mlioglotl
 35674 | Swamp:4  | Entered Level 4 of the Swamp
 36141 | Swamp:4  | Reached XP level 19. HP: 128/128 MP: 28/33
 36451 | Swamp:4  | Identified the +6 mace "Lucuj" {heavy, rN+}
 36455 | Swamp:4  | Noticed josefromcouch's ghost (adept DjGl)
 36508 | Swamp:4  | Found a transporter.
 36513 | Swamp:4  | Found a transporter.
 36657 | Swamp:4  | Noticed a tentacled monstrosity
 37296 | Swamp:4  | Got a decaying rune of Zot
 37542 | Swamp:4  | Learned a level 3 spell: Swiftness
 37850 | Swamp:4  | Killed a tentacled monstrosity
 38116 | Vaults:1 | Entered Level 1 of the Vaults
 39031 | Vaults:1 | Reached XP level 20. HP: 134/134 MP: 30/36
 39310 | Vaults:1 | Found Bomofidgh's Magic Scroll Emporium.
 39333 | Vaults:1 | Bought a scroll of enchant armour for 127 gold pieces
 39333 | Vaults:1 | Bought a scroll of teleportation for 51 gold pieces
 39333 | Vaults:1 | Bought a scroll of poison for 68 gold pieces
 39333 | Vaults:1 | Bought a scroll of poison for 68 gold pieces
 39333 | Vaults:1 | Bought a scroll of fog for 68 gold pieces
 39333 | Vaults:1 | Bought a scroll of acquirement for 884 gold pieces
 39333 | Vaults:1 | Acquired a manual of Throwing
 40668 | Vaults:2 | Reached skill level 10 in Spellcasting
 40668 | Vaults:2 | Reached skill level 10 in Hexes
 40668 | Vaults:2 | Reached skill level 10 in Air Magic
 42503 | Vaults:3 | Found a magical portal.
 42525 | WizLab   | Entered Yara's Duelist Academy
 42746 | WizLab   | Reached XP level 21. HP: 140/141 MP: 31/39
 43225 | WizLab   | Identified Yara's Vellum of the Fair Folk
 43232 | WizLab   | Reached skill level 1 in Throwing
 43348 | WizLab   | Noticed Gimove
 43450 | WizLab   | Killed Gimove the Head Instructor
 43508 | WizLab   | Identified Yara's Incunabulum of Imprecation
 43705 | Vaults:3 | Reached skill level 5 in Throwing
 44884 | Vaults:3 | Reached skill level 15 in Short Blades
 46213 | Vaults:3 | Found a staircase to the Crypt.
 46213 | Vaults:3 | Found a basalt altar of Yredelemnul.
 46213 | Vaults:3 | Found an ancient bone altar of Kikubaaqudgha.
 47019 | Vaults:4 | Found Vexkeose's Magic Scroll Shoppe.
 47033 | Vaults:4 | Bought a scroll of fog for 60 gold pieces
 47098 | Vaults:4 | Reached XP level 22. HP: 147/147 MP: 36/40
 48033 | Vaults:4 | Found Igazox's Antique Armour Shop.
 48033 | Vaults:4 | Identified the ring of Suaqil {rC+ Will+ Str-4 Int+3 Dex+3}
 48041 | Vaults:4 | Bought a runed helmet for 165 gold pieces
 48291 | Vaults:4 | Found Bezyzum's Antique Weapon Shop.
 48915 | Spider:4 | Killed Roxanne
 49207 | Spider:4 | Got a gossamer rune of Zot
 49734 | Lair:3   | Killed Rupert
 49799 | Lair:3   | Killed Rem's ghost
 50379 | Swamp:1  | Killed Pyropingo's ghost
 50557 | Swamp:3  | Noticed Bai Suzhen
 50590 | Swamp:3  | Killed Bai Suzhen
 50985 | Swamp:4  | Killed josefromcouch's ghost
 51248 | Orc:2    | Killed hawkwood's ghost
 51463 | D:3      | Bought glowing steam dragon scales for 774 gold pieces
 51468 | D:3      | Noticed Natasha
 51477 | D:3      | Killed Natasha
 51639 | Elf:1    | Entered Level 1 of the Elven Halls
 51871 | Elf:1    | Found Baokhya's Jewellery Shop.
 52649 | Elf:1    | Identified Asmodeus's Compendium of Combat Magic
 52776 | Elf:1    | Found a portal to a secret trove of treasure.
 53165 | Elf:2    | Reached XP level 23. HP: 152/152 MP: 36/41
 53244 | Elf:2    | Paralysed by an air elemental for 1 turns
 53566 | Elf:2    | Found a huge runed translucent gate.
 53566 | Elf:2    | Found a huge runed translucent gate.
 53566 | Elf:2    | Found a huge runed translucent gate.
 53567 | Elf:2    | Found a huge runed translucent gate.
 53567 | Elf:2    | Found a huge runed translucent gate.
 54812 | Elf:3    | Entered Level 3 of the Elven Halls
 54822 | Elf:3    | Found Vudghoove's General Store.
 54824 | Elf:3    | Found Helit's Magic Scroll Boutique.
 54825 | Elf:3    | Found Jetih's Assorted Antiques.
 54827 | Elf:3    | Bought a wand of flame (9) for 81 gold pieces
 54827 | Elf:3    | Bought a wand of polymorph (5) for 91 gold pieces
 54827 | Elf:3    | Bought a potion of berserk rage for 65 gold pieces
 54831 | Elf:3    | Found Tuib's Weapon Boutique.
 54833 | Elf:3    | Bought a scroll of teleportation for 54 gold pieces
 54833 | Elf:3    | Bought a scroll of fear for 72 gold pieces
 54833 | Elf:3    | Bought a scroll of teleportation for 54 gold pieces
 54833 | Elf:3    | Bought a scroll of blinking for 135 gold pieces
 55602 | Elf:3    | Paralysed by an air elemental for 1 turns
 55785 | Elf:3    | Identified the +8 rapier of the Onslaught {holy, Int+3}
 55788 | Elf:3    | Identified the +2 falchion of the Whale {freeze, rElec rF-
                  | SInv Stlth+}
 56020 | Elf:3    | Identified the +0 scale mail "Cenusuf" {-Tele Rampage rElec
                  | Will+}
 56021 | Elf:3    | Identified the staff of poison "Niniuriu" {rPois rF+}
 56021 | Elf:3    | Identified the staff of poison "Haxocey" {rElec rPois Str-4
                  | Dex+3}
 56114 | Elf:3    | Identified the +1 long sword of the Quick God {venom, Str+3
                  | SInv}
 56532 | Elf:3    | Identified the staff of poison "Daxteeplio" {rPois rN+++
                  | Will- Dex+4 SInv}
 56532 | Elf:3    | Identified the +2 arbalest of the Elven Halls {elec, rElec
                  | Str-2 SInv}
 56897 | Elf:3    | Identified the +2 scale mail of Pragmatism {Rampage Will+
                  | Int-3 SInv}
 56900 | Elf:3    | Reached skill level 15 in Fighting
 56939 | Elf:3    | Identified the Book of the Union
 57379 | Depths:1 | Entered Level 1 of the Depths
 57691 | Depths:1 | Identified the +5 giant spiked club of Buoc {pain, rC-
                  | Int+5}
 57829 | Depths:1 | Found a one-way gate to the infinite horrors of the Abyss.
 57869 | Depths:1 | Found a bloodstained altar of Trog.
 58112 | Depths:1 | Reached skill level 10 in Armour
 58118 | Depths:1 | Reached XP level 24. HP: 158/159 MP: 37/40
 58217 | Depths:1 | Found a gateway to Hell.
 58217 | Depths:1 | Identified the +6 demon blade "Qyvi Eluk" {freeze, Str+5}
 58748 | Depths:2 | Found a one-way gateway to a ziggurat.
 58951 | Depths:2 | Found a one-way gate leading to the halls of Pandemonium.
 59896 | Depths:2 | Found a sacrificial altar of Ru.
 60752 | Depths:2 | Identified the staff of death "Geatses" {rElec rPois rN+
                  | MP+9 Int-4}
 61506 | Depths:3 | Found an iron altar of Okawaru.
 61641 | Depths:3 | Acquired a ring of protection from fire
 62102 | Depths:3 | Noticed a golden dragon
 62141 | Depths:3 | Killed a golden dragon
 62785 | Depths:4 | Entered Level 4 of the Depths
 62838 | Depths:4 | Identified the +0 trident of the Moon {heavy, Stlth+}
 63309 | Depths:4 | Found a runed translucent gate.
 63310 | Depths:4 | Found a runed translucent gate.
 63312 | Depths:4 | Found a runed translucent gate.
 63734 | Depths:4 | Reached XP level 25. HP: 169/169 MP: 36/40
 64028 | Depths:4 | Found Qolionor's Self-Improvement Boutique.
 64705 | Depths:4 | Found a gate to the Realm of Zot.
 64840 | Depths:4 | Noticed a juggernaut
 64865 | Depths:4 | Killed a juggernaut
 64894 | Depths:4 | Noticed Urgle's ghost (veteran GnFi)
 64895 | Depths:4 | Identified the ring "Robbae" {EV+5 Str+4}
 64896 | Depths:4 | Noticed a juggernaut
 64896 | Depths:4 | Killed Urgle's ghost
 65118 | Depths:4 | Killed a juggernaut
 65633 | Vaults:5 | Entered Level 5 of the Vaults
 68355 | Vaults:5 | Identified the +3 morningstar "Focluatee" {spect, rC++
                  | Int-3}
 68697 | Vaults:5 | Reached XP level 26. HP: 183/183 MP: 35/39
 69663 | Vaults:5 | Identified the staff of fire "Abanaok" {rElec rF+ rC-
                  | Str+6}
 69974 | Vaults:5 | Identified the staff of poison "Qaruy" {rPois rF+ Dex+3
                  | Stlth-}
 70065 | Vaults:5 | Noticed a dread lich
 70067 | Vaults:5 | Killed a dread lich
 70936 | Vaults:5 | Got a silver rune of Zot
 71408 | Elf:1    | You paid a toll of 2 scrolls of acquirement to enter a
                  | treasure trove
 71409 | Trove    | Entered a treasure trove
 71411 | Trove    | Identified the ring of Fizudghir {Str+6 Int+3 Dex+2}
 71411 | Trove    | Identified the ring "Inetwor" {Fly Will+ Str+6 Dex-3}
 71411 | Trove    | Identified the ring "Giptyamn" {rCorr Str+6 Int+3}
 71411 | Trove    | Identified the ring "Zicem" {rN+ Will+ Int+3}
 71412 | Trove    | Identified the ring "Xinlijam" {rElec Int+7 Dex-3 Slay+4}
 71499 | Elf:3    | Bought a glowing short sword for 150 gold pieces
 71499 | Elf:3    | Bought a scroll of fog for 100 gold pieces
 71499 | Elf:3    | Bought a potion of mutation for 200 gold pieces
 71499 | Elf:3    | Bought a potion of flight for 75 gold pieces
 71499 | Elf:3    | Bought a wand of flame (11) for 192 gold pieces
 71499 | Elf:3    | Bought a wand of flame (5) for 87 gold pieces
 71507 | Elf:3    | Bought a scroll of magic mapping for 135 gold pieces
 71507 | Elf:3    | Bought a scroll of enchant armour for 135 gold pieces
 71881 | Depths:4 | Bought a manual of Throwing for 1920 gold pieces
 71913 | Zot:1    | Entered Level 1 of the Realm of Zot
 72237 | Zot:1    | Noticed a curse toe
 72239 | Zot:1    | Killed a curse toe
 73497 | Zot:1    | Reached XP level 27. HP: 189/189 MP: 35/39
 73927 | Zot:2    | Identified the +8 battleaxe of the Original Sin {heavy,
                  | Dex+5}
 74441 | Zot:2    | Identified the +1 scale mail "Yrphel" {rElec}
 75466 | Zot:3    | Identified the +2 robe "Waum" {rPois rF- Str+6 Int+3}
 76136 | Zot:3    | Noticed Parghit
 76138 | Zot:3    | Killed Parghit
 76407 | Zot:3    | Identified the +0 plate armour "Kaky" {Dex+2}
 77429 | Zot:4    | Noticed an orb of fire
 77431 | Zot:4    | Killed an orb of fire
 77613 | Zot:5    | Entered Level 5 of the Realm of Zot
 77772 | Zot:5    | Identified the +4 robe "Equnod" {rC+}
 78629 | Zot:5    | Noticed an ancient lich
 78631 | Zot:5    | Killed an ancient lich
 78831 | Zot:5    | Noticed a Killer Klown
 78832 | Zot:5    | Noticed a Killer Klown
 78842 | Zot:5    | Killed a Killer Klown
 78939 | Zot:5    | Killed a Killer Klown
 79000 | Zot:5    | Noticed an ancient lich
 79022 | Zot:5    | Killed an ancient lich
 79051 | Zot:5    | Noticed a Killer Klown
 79117 | Zot:5    | Killed a Killer Klown
 79135 | Zot:5    | Noticed an orb of fire
 79150 | Zot:5    | Gained mutation: You are frail. (-10% HP) [an orb of fire]
 79158 | Zot:5    | Killed an orb of fire
 79878 | Zot:5    | Noticed a Killer Klown
 79972 | Zot:5    | Got the Orb of Zot
 80550 | D:$      | Escaped with the Orb!

Illustrated notes

Levels and vault maps discovered:
D:1:      dpeg_cavernosity, layout_basic, hex_intersection
D:2:      layout_basic, basic_altar, uniq_sigmund
D:3:      layout_basic, mainiacjoe_overflow_chevrons, general_overflow_altar,
          mainiacjoe_overflow_alcove_4, serial_shops, shop, serial_glass,
          glass_columns_a, glass_columns_b, st_stairs_10,
          corexii_item_surrounded_by_moat, chequers_serial_rivers_micro_c,
          kennysheep_generic_room_5, uniq_ijyb, uniq_natasha
D:4:      layout_layer_cave, dreamdust_wishing_well
D:5:      layout_basic, nicolae_ossuary_entry_catacombs
D:6:      layout_rooms, chequers_temple_overflow_statue_of_worship,
          nicolae_temple_entry_ecumenical, serial_shops, shop,
          solitary_fountain, minmay_misc_feat_ornament
D:7:      layout_basic, nicolae_elevator_lobby_asterisk, uniq_menkaure
D:8:      layout_gridville
D:9:      layout_loops_ring, mainiacjoe_overflow_24_doors,
          lemuel_coloured_pillars_altar, yredelemnul_forgotten_temple_becter,
          david_lair_generic, orc_0_dummy, nzn_ghost_randoct
D:10:     layout_basic, nicolae_qazlal_style_of_elements, serial_shops,
          nicolae_square_shop, st_stairs_1, kennysheep_cluttered_room,
          nicolae_water_bricks, kennysheep_generic_room_10
D:11:     layout_roguey [special_room_orc], minivault_23,
          chequers_serial_rivers_room_b
D:12:     minmay_firetagon, layout_long_grid
D:13:     dreamdust_wu_jian_sword_trials, layout_rooms, david_vaults_2,
          lemuel_flamethrower_hall, uniq_lodul
D:14:     layout_irregular_city, minmay_misc_feat_chi,
          small_chamber_with_monster, kennysheep_dice, uniq_frances, uniq_kirke
D:15:     grunt_enter_depths_snipers, layout_basic, serial_curves,
          eino_curves_04, eino_curves_04, ashenzari_altar_1
Temple:   jpeg_temple_clearing
Lair:1:   layout_loops_ring, infiniplex_staircase_pool, grunt_megastairs_5,
          lemuel_fruit_fields, serial_bayou_shore_b
Lair:2:   layout_gridlike, minmay_swamp_entry_worms
Lair:3:   layout_hall_layers, hellmonk_spider_entry_life_and_decay,
          ebering_ghost_xom, minmay_lair_oklob_items, st_stairs_13,
          kennysheep_abandoned_house, lemuel_fruit_tree, serial_bayou_shore_b,
          uniq_rupert, uniq_urug
Lair:4:   layout_roguey [special_room_bee], minivault_26
Lair:5:   hangedman_lair_in_review, layout_cave_shapes, wormcave,
          minmay_slime_entry_pillars, st_stairs_3, serial_bayou_shore_a
Swamp:1:  layout_basic_swamp, ebering_ghost_inner_flame,
          evilmike_swamp_ruin_house_4, infiniplex_staircase_pool_2
Swamp:2:  layout_falls_marsh, hangedman_swamp_diagram, uniq_aizul, uniq_donald
Swamp:3:  layout_basic_swamp, hangedman_swamp_ruin_wall, uniq_bai_suzhen,
          uniq_mlioglotl
Swamp:4:  nzn_swamp_witches_coven, layout_basic_swamp, gammafunk_ghost_arena,
          swamp_pool3, nicolae_swamp_small_spring
Spider:1: layout_spider_delve, hangedman_spider_tarantella_strand
Spider:2: layout_spider_delve, nicolae_spider_eight_legs
Spider:3: layout_cave_pods, uniq_arachne, uniq_agnes, uniq_nikola, uniq_asterion
Spider:4: grunt_spider_rune_island, uniq_roxanne
Orc:1:    layout_diamond_mine, serial_shops, nicolae_shop_just_a_little_nook,
          basic_altar
Orc:2:    st_orc_mages, layout_caves, ebering_ghost_xom, serial_shops,
          nicolae_shop_tiny_real_fake_doors, nicolae_orc_lava_room
Elf:1:    elf_arrival_002, layout_loops_cross, nicolae_trove_entry_crystal,
          serial_shops, shop, minmay_elf_annihilation, dk_noncrumbling_3,
          solitary_fountain
Elf:2:    elven_hall_of_blades_hangedman_alternative
          [nooodl_blade_entry_preview], layout_geoelf_grid, st_stairs_6,
          feat_on_display
Elf:3:    grunt_elf_hall_branching, layout_rooms, hex_large, minmay_shoptagon
Vaults:1: ontoclasm_vaults_bender, v_pattern_1, v_misc_33,
          vaults_room_grunt_arrival_ludios, dpeg_vaults_monster_box,
          vaults_dpeg_hooks, vaults_standard_mumra_x,
          nicolae_vaults_closet_pinwheel_6, nicolae_vaults_trapezoid_lopsided_1,
          nicolae_vaults_trapezoid_1, nicolae_vaults_house_3,
          vaults_room_mumra_shop_pool, nicolae_vaults_double_plus_1,
          nicolae_vaults_trapezoid_1, nicolae_vaults_little_squares_6,
          layout_vaults_maze_snakey
Vaults:2: v_misc_33, nicolae_vaults_closet_pinwheel_2,
          nicolae_vaults_offset_grid_hallway_1, v_misc_22,
          nicolae_vaults_network_quinsquares
          [nicolae_vaults_network_quincunx_subvault,
          nicolae_vaults_network_quincunx_subvault,
          nicolae_vaults_network_quincunx_subvault,
          nicolae_vaults_network_quincunx_subvault], v_alt_pattern_5,
          nicolae_vaults_rhombus_6, nicolae_vaults_hexular_roomagon,
          nicolae_vaults_trapezoid_layered, nicolae_vaults_storage_closets_2,
          ontoclasm_vaults_spin, layout_vaults_big_room
Vaults:3: infiniplex_enter_wizlab_spiral, v_misc_12,
          minmay_crypt_entry_necro_gods, v_misc_12, nicolae_vaults_alarming,
          nicolae_vaults_closet_pinwheel_3, nicolae_vaults_trapezoid_4,
          nicolae_vaults_network_periphery, nicolae_vaults_tetromino_T_2,
          layout_vaults_omnigrid
Vaults:4: nicolae_vaults_closet_pinwheel_5, nicolae_vaults_little_squares_5,
          st_check, ontoclasm_vaults_ring_square, vaults_room_corners,
          v_misc_26, v_misc_17, nicolae_vaults_apartment_2,
          nicolae_vaults_sesquioval_fish, nicolae_vaults_trapezoid_3,
          vaults_room_boxed, layout_vaults_big_cross, serial_shops,
          nicolae_shop_tiny_glass, shop, nicolae_shop_waterfront
Vaults:5: serial_shops
Depths:1: layout_gridlike, abyss_entry, hellmouth_1, chequers_decorated_corner,
          wad_floor_pattern_1, hangedman_decor_push, minmay_stone_trees_small,
          hangedman_decor_diamond_cutter, bloody_trog
Depths:2: grunt_crosshair, layout_cave_pools, enter_ziggurat_f, hell_entry,
          grunt_pan_entry_in_and_out, nicolae_ru_great_annihilating_truth,
          infiniplex_staircase_9_rooms
Depths:3: minmay_the_grid_triangle_9x9_recursive_2
          [minmay_the_grid_triangle_9x9_prize_insulated,
          minmay_the_grid_triangle_9x9_swiss_cheese,
          minmay_the_grid_triangle_9x9_corruption,
          minmay_the_grid_triangle_9x9_alien], layout_gridlike,
          grunt_hell_entry_dis_mu, hellmonk_okawaru_the_only_friend_you_need,
          abyss_entry, infiniplex_staircase_split_hallway
Depths:4: grunt_zot_entry_tricorne, layout_long_grid, nrook_pool_corridor,
          gammafunk_ghost_split, hell_entry, nicolae_shop_self_help
Zot:1:    nicolae_zot_stationary_front, layout_gridlike, st_stairs_5
Zot:2:    layout_cathedral_of_symmetry, st_single_dragon_hoard_2,
          grunt_megastairs_4
Zot:3:    layout_gridlike, lemuel_flame_loot_1, uniq_parghit
Zot:4:    layout_cathedral_of_symmetry, st_stairs_8, lemuel_elevator
Zot:5:    layout_gridville, grunt_megastairs_2

Skill      XL: |  1  2  3  4  5  6  7  8  9 10 11 12 13 14 15 16 17 18 19 20 21 22 23 24 25 26 27 |
---------------+----------------------------------------------------------------------------------+-----
Stealth        | 2 5 10 11 14 17 21 | 21.5
Short Blades   | 1 3 4 5 6 7 10 12 13 18 20 24 | 24.3
Fighting       | 5 7 9 13 15 17 21 22 25 | 25.5
Evocations     | 2 3 5 7 |  7.0
Dodging        | 2 6 8 12 15 16 17 19 23 25 | 25.4
Shields        | 4 5 6 9 13 14 | 14.0
Armour         | 3 5 8 9 10 11 | 11.3
Spellcasting   | 1 3 6 7 8 10 | 10.3
Hexes          | 1 3 6 7 8 10 | 10.3
Air Magic      | 1 3 6 7 8 10 | 10.3
Throwing       | 7 |  7.5
Maces & Flails | |  4.5

Action                     |  1- 3 |  4- 6 |  7- 9 | 10-12 | 13-15 | 16-18 | 19-21 | 22-24 | 25-27 || total
---------------------------+-------+-------+-------+-------+-------+-------+-------+-------+-------++-------
  Melee: Flail             |    41 |       |       |       |       |       |       |       |       ||    41
         Dagger            |    62 |   211 |   429 |   678 |   699 |       |       |       |       ||  2079
         Unarmed           |     2 |    17 |       |       |       |       |       |       |       ||    19
         Punch             |       |     5 |     9 |       |       |       |       |       |       ||    14
         Short sword       |       |       |       |   102 |   743 |       |       |       |       ||   845
         Rapier            |       |       |       |       |   423 |  1916 |  1640 |  1750 |  1871 ||  7600
  Throw: Stone             |       |     1 |     1 |       |       |       |       |       |       ||     2
         Dart              |       |       |       |     2 |    19 |    44 |    18 |    60 |    53 ||   196
         Throwing net      |       |       |       |       |       |       |       |     1 |    10 ||    11
   Cast: Silence           |       |       |       |       |       |    16 |   122 |   203 |   209 ||   550
         Swiftness         |       |       |       |       |       |       |       |     1 |       ||     1
 Invoke: Curse Item        |       |       |       |     6 |     2 |     2 |     1 |     2 |     2 ||    15
         Shatter the Chain |       |       |       |       |     1 |     1 |     1 |     1 |     2 ||     6
  Evoke: Wand              |       |     5 |    11 |    11 |     6 |    37 |    15 |    18 |    13 ||   116
         Box of beasts     |       |       |       |       |       |       |       |       |     1 ||     1
    Use: Potion            |     1 |     1 |     1 |     3 |     6 |     7 |     3 |     9 |    10 ||    41
         Scroll            |     1 |     3 |       |     1 |    12 |     5 |    10 |     5 |     9 ||    46
   Stab: Sleeping          |    15 |     9 |    19 |    40 |    83 |    96 |   162 |   179 |   169 ||   772
         Paralysed         |       |     1 |     8 |     3 |       |     9 |       |     2 |       ||    23
         Distracted        |       |       |     1 |     1 |    11 |     4 |     7 |     5 |    13 ||    42
         Invisible         |       |       |       |       |       |     6 |       |     2 |     5 ||    13
         Held in net/web   |       |       |       |       |       |       |       |     1 |     5 ||     6
 Armour: Robe              |    21 |    58 |    21 |       |       |       |       |       |       ||   100
         Skin              |     1 |    33 |    11 |       |       |       |       |       |       ||    45
         Leather armour    |       |       |    52 |    88 |   121 |   238 |   117 |   131 |    92 ||   839
  Dodge: Dodged            |    49 |   119 |   179 |   301 |   991 |  1304 |   686 |   735 |   733 ||  5097
  Block: Buckler           |       |       |       |    90 |   351 |   371 |       |       |       ||   812
         Kite shield       |       |       |       |       |       |   272 |   702 |   651 |   879 ||  2504
